 Dungeon Crawl Stone Soup version 0.17-a0-764-gd40c196 (console) character file.

268 sose the Chiller (level 6, -2/28 HPs)
             Began as a Vine Stalker Ice Elementalist on Apr 23, 2015.
             Killed by divine providence
             ... invoked by an orc priest
              (10 damage)
             ... on level 4 of the Dungeon.
             The game lasted 00:07:33 (2336 turns).

sose the Chiller (Vine Stalker Ice Elementalist)    Turns: 2336, Time: 00:07:34

Health: -2/28      AC:  8    Str: 10    XL:     6   Next: 21%
Magic:  0/10       EV: 12    Int: 17    God:
Gold:   202        SH:  0    Dex: 15    Spells: 3 memorised, 3 levels left

rFire  . . .     SeeInvis .     v - +0 flail (protect)
rCold  . . .     Clarity  .     a - +0 robe
rNeg   . . .     SustAb   .     (no shield)
rPois  +         Gourm    .     (no helmet)
rElec  .         Spirit   +     (no cloak)
rCorr  .         Warding  .     (no gloves)
rMut   .         Stasis   .     (no boots)
MR     +....                    (no amulet)
Stlth  ++........               o - ring of poison resistance
                                x - ring of protection from magic

@: somewhat resistant to hostile enchantments, unstealthy
A: fangs 2, regeneration 2, shaggy fur 1, magic shield, antimagic bite, no
device heal 3, rot immunity
a: no special abilities


You were on level 4 of the Dungeon.
You were full.

You visited 1 branch of the dungeon, and saw 4 of its levels.

You collected 202 gold pieces.

Inventory:

Hand weapons
 n - a +0 dagger
 v - a +0 flail of protection (weapon)
Armour
 a - a +0 robe (worn)
Jewellery
 m - a +4 ring of dexterity
 o - a ring of poison resistance (right hand)
 x - a ring of protection from magic (left hand)
Scrolls
 d - a scroll of fog {unknown}
 e - 3 scrolls of identify {unknown}
 f - 2 scrolls of enchant weapon {unknown}
 j - a scroll of immolation {unknown}
 k - a scroll of blinking {unknown}
 r - 3 scrolls of remove curse {unknown}
 u - 2 scrolls of teleportation {unknown}
Potions
 g - 2 potions of heal wounds {unknown}
 h - 2 potions of restore abilities {unknown}
 i - a potion of cure mutation {unknown}
 p - a potion of cancellation {unknown}
 q - a potion of poison {unknown}
 s - a potion of curing {unknown}
 t - 2 potions of agility
 B - a potion of mutation {unknown}
Books
 b - a book of Frost

   Spells                             Type                      Level
   a - Freeze                         Ice                          1
   b - Throw Frost                    Conjuration/Ice              2
   c - Ozocubu's Armour               Charms/Ice                   3
   d - Throw Icicle                   Conjuration/Ice              4
   e - Summon Ice Beast               Ice/Summoning                4
   f - Condensation Shield            Ice                          4
Comestibles
 c - 2 bread rations
 l - 3 fruits
 w - 2 chunks of flesh
 A - a royal jelly


   Skills:
 - Level 1.5 Dodging
 - Level 2.4 Stealth
 - Level 2.1 Spellcasting
 + Level 1.4 Conjurations
 + Level 6.6 Ice Magic


You had 3 spell levels left.
You knew the following spells:

 Your Spells              Type           Power        Failure   Level  Hunger
a - Freeze                Ice            ###.         1%          1    #......
b - Throw Frost           Conj/Ice       ###...       6%          2    ###....
c - Ozocubu's Armour      Chrm/Ice       ##......     17%         3    ###....


Dungeon Overview and Level Annotations

Branches:
Dungeon (4/15)
 Temple: D:4-7

Altars:
Cheibriados
Sif Muna
Zin

Annotations:
D:4 ahoge's ghost, average GrBe


Innate Abilities, Weirdness & Mutations

You have extremely sharp teeth.
You heal very quickly.
You are covered in fur (AC +1).
When hurt, damage is shared between your health and your magic reserves.
Your bite disrupts and absorbs the magic of your enemies.
Potions and wands cannot restore your health.
You are immune to rotting.


Message History

Aiming: Freeze
Press: ? - help, Shift-Dir - straight line, f/p - orc priest
Aim: an orc priest, wielding a hand axe (moderately wounded)
You freeze the orc priest.
The orc priest is almost dead.
The giant newt misses you.
The orc priest mumbles some strange prayers to Beogh against you.
Pain shoots through your body!
* * * LOW HITPOINT WARNING * * *
You sock the orc priest!
You kill the orc priest!
The giant newt closely misses you.
The giant newt bites you but does no damage.
The orc wizard casts a spell.
The orc wizard seems to speed up.
The orc closely misses you.
The orc priest becomes somewhat translucent.
The orc misses you. The orc barely misses you.
The orc priest invokes the aid of Beogh against you.
Something smites you!
You die...

#................
#.#######....^... #.#
#........ #.#
#........ . #.#
#........ ... #.#
#........ #....####.#
#........ .......(..#
#........
........@.####
#........
........oo...#
#........
.........lo.#
#........
....####....#########
..#.####............#
...................#
#.##..o.........<.#
#..............#
#.)............#


You could see an orc priest, an orc wizard, 2 orcs and a giant newt.

Vanquished Creatures
  A giant frog skeleton (D:4)
  2 orc priests
  Jessica (D:2)
  Natasha (D:2)
  A gnoll (D:1)
  4 adders
  An ooze (D:1)
  A worm (D:2)
  A giant gecko (D:3)
  3 orcs (D:3)
  A bat skeleton (D:4)
  12 goblins
  9 hobgoblins
  7 kobolds
  3 quokkas
  4 ball pythons
  7 bats
  6 giant cockroaches
  3 giant newts
  5 rats
73 creatures vanquished.

Notes
Turn   | Place    | Note
--------------------------------------------------------------
     0 | D:1      | sose, the Vine Stalker Ice Elementalist, began the quest for the Orb.
     0 | D:1      | Reached XP level 1. HP: 9/9 MP: 4/4
    61 | D:1      | Reached XP level 2. HP: 4/13 MP: 1/6
   303 | D:1      | Reached skill level 4 in Ice Magic
   303 | D:1      | Reached XP level 3. HP: 16/16 MP: 1/7
   680 | D:2      | Noticed Jessica
   695 | D:2      | Noticed Natasha
   710 | D:2      | Killed Jessica
   710 | D:2      | Reached XP level 4. HP: 21/21 MP: 6/8
   721 | D:2      | HP: 1/21 [ball python (1)]
   843 | D:2      | Reached skill level 5 in Ice Magic
   853 | D:2      | Learned a level 2 spell: Throw Frost
   857 | D:2      | Learned a level 3 spell: Ozocubu's Armour
  1004 | D:2      | Killed Natasha
  1140 | D:2      | Reached XP level 5. HP: 24/24 MP: 9/9
  1465 | D:3      | Reached skill level 6 in Ice Magic
  1923 | D:3      | Found a glowing silver altar of Zin.
  1930 | D:3      | Found a deep blue altar of Sif Muna.
  2141 | D:4      | Noticed ahoge's ghost (average GrBe)
  2267 | D:4      | Found a snail-covered altar of Cheibriados.
  2312 | D:4      | Gained mutation: You heal very quickly. [Vine Stalker growth]
  2312 | D:4      | Reached XP level 6. HP: 26/28 MP: 8/10
  2336 | D:4      | Killed from afar by an orc priest

Action                   |  1- 3 |  4- 6 || total
-------------------------+-------+-------++-------
Melee: Unarmed           |    16 |       ||    16
       Dagger            |    17 |    36 ||    53
       Flail             |       |    54 ||    54
 Cast: Freeze            |    32 |    51 ||    83
 Stab: Sleeping          |     1 |     6 ||     7
  Eat: Chunk             |       |     5 ||     5
       Meat ration       |       |     1 ||     1
